 Dungeon Crawl Stone Soup version 0.21.1-1-g345015f (webtiles) character file.

75 inc the Conjurer (level 4, 0/27 HPs)
             Began as an Octopode Conjurer on June 11, 2018.
             Slain by a river rat (7 damage)
             ... on level 3 of the Dungeon.
             The game lasted 00:01:43 (882 turns).

inc the Conjurer (Octopode Conjurer)                 Turns: 882, Time: 00:01:44

Health: 0/27       AC:  1    Str:  7    XL:     4   Next: 31%
Magic:  1/8        EV: 13    Int: 18    God:
Gold:   57         SH:  3    Dex: 12    Spells: 8/9 levels left

rFire    . . .     SeeInvis .   f - -1 dagger (curse)
rCold    . . .     Gourm    .   (no shield)
rNeg     . . .     Faith    .   (helmet restricted)
rPois    .         Spirit   .   m - +3 amulet of reflection
rElec    .         Reflect  +   k - ring of stealth
rCorr    .         Harm     .   (no ring)
MR       .....                  (no ring)
Stlth    +++++.....             (no ring)
HPRegen  0.09/turn              (no ring)
MPRegen  0.11/turn              (no ring)
                                (no ring)
                                (no ring)

@: no status effects
A: almost no armour, stealthy swim, amphibious, 8 rings, constrict 8, camouflage
1, gelatinous body 1
a: no special abilities


You were on level 3 of the Dungeon.
You were not hungry.

You visited 1 branch of the dungeon, and saw 3 of its levels.

You collected 57 gold pieces.

Inventory:

Hand Weapons
 e - a +0 whip
 f - a cursed -1 dagger (weapon)
Jewellery
 k - a ring of stealth (left tentacle)
 m - a +3 amulet of reflection (around mantle)
Wands
 j - a wand of paralysis (14)
Scrolls
 d - a scroll of identify
Potions
 c - a potion of cancellation
 g - a potion of heal wounds {unknown}
 h - a potion of berserk rage
 i - a potion of flight
Books
 a - a book of Conjurations

   Spells                             Type                      Level
   a - Magic Dart                     Conjuration                  1
   b - Searing Ray                    Conjuration                  2
   c - Dazzling Spray                 Conjuration/Hexes            3
   d - Fulminant Prism                Conjuration/Hexes            4
   e - Force Lance                    Conjuration/Translocation    4
   f - Iskenderun's Mystic Blast      Conjuration                  4
Comestibles
 b - a ration


   Skills:
 - Level 2.0 Dodging
 - Level 2.6 Stealth
 + Level 3.0 Spellcasting
 + Level 5.1 Conjurations


You had 8 spell levels left.
You knew the following spells:

 Your Spells              Type           Power        Failure   Level  Hunger
a - Magic Dart            Conj           ###.         1%          1    None


Dungeon Overview and Level Annotations

Branches:
Dungeon (3/15)

Altars:

Portals:
Sewer: D:3


Innate Abilities, Weirdness & Mutations

You cannot wear most types of armour.
You are very stealthy in the water. (Stealth+)
You are amphibious.
You can wear up to eight rings at the same time.
You can use your tentacles to constrict eight enemies at once.
Your skin changes colour to match your surroundings (Stealth+).
Your rubbery body absorbs attacks. (AC +1, EV +1)


Message History

You closely miss the river rat. Your grab misses the river rat.
You squeeze the river rat, but do no damage.
The river rat is almost dead.
The river rat closely misses you. The rat completely misses you.
You hit the river rat but do no damage. You grab the river rat.
Your squeeze misses the river rat.
The river rat is almost dead.
You constrict the river rat, but do no damage.
The river rat bites you! The rat closely misses you.
You barely miss the river rat.
The river rat is almost dead.
You constrict the river rat, but do no damage.
The river rat bites you.
* * * LOW HITPOINT WARNING * * *
The rat closely misses you.
You hit the river rat but do no damage.
You squeeze the river rat, but do no damage.
The river rat is almost dead.
You constrict the river rat. The river rat bites you!
You die...

########## #.≈.≈#≈≈≈#
#.≈≈≈r≈∩≈# #...@r≈≈≈#
##..≈≈#####
#..†.≈≈≈≈≈
###########....≈.≈.≈#
.........†.......≈≈≈#
######.####........#
#.# ######.### ..# .#
.#.# #


You could see a river rat and a rat.

Vanquished Creatures
  A bullfrog skeleton (D:3)
  2 adders (D:2)
  A dart slug (D:1)
  A leopard gecko (D:1)
  3 giant cockroaches
  2 goblins
  5 hobgoblins
  2 ball pythons (D:3)
  4 bats
  3 frilled lizards
  A kobold (D:1)
  7 rats
32 creatures vanquished.

Notes
Turn   | Place    | Note
-------+----------+-------------------------------------------
     0 | D:1      | inc the Octopode Conjurer began the quest for the Orb.
     0 | D:1      | Reached XP level 1. HP: 11/11 MP: 3/3
    94 | D:1      | Reached XP level 2. HP: 12/17 MP: 0/5
   521 | D:2      | Reached XP level 3. HP: 15/21 MP: 1/6
   800 | D:3      | Reached skill level 5 in Conjurations
   800 | D:3      | Reached XP level 4. HP: 27/27 MP: 1/8
   869 | D:3      | Found a glowing drain.
   882 | D:3      | Slain by a river rat

Skill      XL: |  1  2  3  4 |
---------------+-------------+-----
Conjurations   | 5 |  5.1
Spellcasting   | 3 |  3.0
Dodging        | |  2.0
Stealth        | |  2.6

Action                   |  1- 3 |  4- 6 || total
-------------------------+-------+-------++-------
Melee: Unarmed           |     4 |       ||     4
       Constrict         |     4 |     3 ||     7
       Tentacles         |     3 |     5 ||     8
       Dagger            |     5 |    14 ||    19
 Cast: Magic Dart        |    46 |     9 ||    55
  Use: Scroll            |       |     5 ||     5
Armor: Skin              |     2 |     1 ||     3
Dodge: Dodged            |     8 |    11 ||    19
Block: Other             |       |     1 ||     1
